 Dungeon Crawl Stone Soup version 0.30.1-11-g7821555f0a (webtiles) character file.

Game seed: 1979156430024909172

9 Fortress the Sneak (level 2, -3/20 HPs)
             Began as a Demonspawn Wanderer on Jan 10, 2024.
             Slain by a hobgoblin (4 damage)
             ... on level 1 of the Dungeon.
             The game lasted 00:02:01 (131 turns).

Fortress the Sneak (Demonspawn Wanderer)             Turns: 131, Time: 00:02:02

Health: -3/20      AC:  3    Str: 11    XL:     2   Next: 6%
Magic:  0/4        EV: 11    Int: 14    God:
Gold:   21         SH:  0    Dex: 12    Spells: 2/3 levels left

rFire   + . .        a - +2 spear
rCold   . . .        (no shield)
rNeg    . . .        d - +0 robe
rPois   .            (no helmet)
rElec   .            b - +0 cloak
rCorr   .            (no gloves)
SInv    .            (no boots)
Will    .....        (no amulet)
Stlth   ++           j - ring of protection from fire
HPRegen 0.23/turn    (no ring)
MPRegen 0.09/turn

%: no passive effects
@: very slightly contaminated
A: demonic magic 1
a: no special abilities


You were on level 1 of the Dungeon.
You visited 1 branch of the dungeon, and saw 1 of its levels.

You collected 21 gold pieces.

Inventory:

Hand Weapons
 a - a +2 spear (weapon)
Armour
 b - a +0 cloak (worn)
 d - a +0 robe (worn)
Jewellery
 j - a ring of protection from fire (left hand)
Scrolls
 c - a scroll of fog
 e - a scroll of enchant armour {unknown}
 f - a scroll of identify {unknown}
 g - a scroll of fear {unknown}
Potions
 h - a potion of curing {unknown}
 i - a potion of mutation {unknown}


   Skills:
 + Level 0.7 Fighting
 - Level 1.7 Polearms
 - Level 1.0 Dodging
 - Level 3.6 Stealth
 + Level 1.3 Spellcasting
 + Level 1.4 Poison Magic
 - Level 1.2 Invocations


You had 2 spell levels left.
You knew the following spells:

 Your Spells              Type           Power      Damage    Failure   Level
a - Sting                 Tmut/Pois      12%        1d3       19%         1

Your spell library contained the following spells:

 Spells                   Type           Power      Damage    Failure   Level
 Mephitic Cloud           Conj/Pois/Air  2%         N/A       54%         3


Dungeon Overview and Level Annotations

Branches:
Dungeon (1/15)

Altars:


Innate Abilities, Weirdness & Mutations

Spells you cast may paralyse adjacent enemies.


Message History

The quokka barely misses you. The quokka closely misses you.
The hobgoblin hits you. The goblin hits you but does no damage.
You barely miss the hobgoblin.
The hobgoblin is heavily wounded.
The quokka misses you. The hobgoblin completely misses you.
The goblin misses you.
You hit the hobgoblin but do no damage.
The hobgoblin is heavily wounded.
The quokka barely misses you. The hobgoblin closely misses you.
The goblin barely misses you.
Casting: Sting (safe; 19% risk of failure)
Confirm with . or Enter, or press ? or * to list all spells.
Aiming: Sting (safe; 19% risk of failure)
Press: ? - help, Shift-Dir - straight line, f - hobgoblin
Aim: a hobgoblin (heavily wounded, 64% to hit)
You miscast Sting.
You are very lightly contaminated with residual magic.
Nothing appears to happen.
The quokka bites you. The hobgoblin barely misses you.
The goblin hits you with a +0 dagger.
You barely miss the hobgoblin.
The hobgoblin is heavily wounded.
The quokka bites you.
* * * LOW HITPOINT WARNING * * *
The hobgoblin closely misses you. The goblin closely misses you.
The quokka barely misses you.
You hit the hobgoblin.
The hobgoblin is heavily wounded.
The quokka closely misses you. The hobgoblin hits you.
* * * LOW HITPOINT WARNING * * *
The goblin hits you with a +0 dagger.
* * * LOW HITPOINT WARNING * * *
You closely miss the hobgoblin.
The hobgoblin is heavily wounded.
The quokka bites you.
* * * LOW HITPOINT WARNING * * *
The hobgoblin barely misses you. The goblin closely misses you.
You closely miss the hobgoblin.
The hobgoblin is heavily wounded.
The quokka closely misses you. The hobgoblin hits you.
You die...

#...# ##.## #.#
#.# ## #.# ....
#.# .....####.##
.....>....†####.
[..g..#g@g......
...). #.#r......
.... #.#.######
... #.#.# ..
#.#.# . #.#.#
#.#.# #. .#


You could see a quokka, a hobgoblin and a goblin.

Vanquished Creatures
  A bat (D:1)
  An endoplasm (D:1)
  2 hobgoblins (D:1)
  A kobold (D:1)
  A ball python (D:1)
  3 rats (D:1)
9 creatures vanquished.

Notes
Turn   | Place    | Note
-------+----------+-------------------------------------------
     0 | D:1      | Fortress the Demonspawn Wanderer began the quest for the
                  | Orb.
     0 | D:1      | Fortress set off with the following items: a +2 spear, a +0
                  | cloak, a scroll of fog, a +0 robe; and the following spell
                  | memorised: Sting; and the following spells available to
                  | memorise: Mephitic Cloud.
     0 | D:1      | Reached XP level 1. HP: 13/13 MP: 2/2
   117 | D:1      | Gained mutation: Spells you cast may paralyse adjacent
                  | enemies. [demonic ancestry]
   117 | D:1      | Reached XP level 2. HP: 16/20 MP: 0/4
   130 | D:1      | HP: 1/20 [quokka (2)]
   131 | D:1      | Slain by a hobgoblin

Illustrated notes

Levels and vault maps discovered:
D:1:      minmay_arrival_glassed_features, layout_loops_ring,
          minmay_rat_gold_closets

Action                     || total
---------------------------++-------
  Melee: Spear             ||    32
   Cast: Sting             ||     1
   Stab: Sleeping          ||     5
         Distracted        ||     1
 Armour: Robe              ||     3
  Dodge: Dodged            ||    31
